 Seeded DCSS version 0.29.1-15-g9cfb28693d (webtiles) character file.

Game seed: 16245865983455551772 (custom seed)

70 Darius099 the Sneak (level 4, 0/31 HPs)
             Began as an Octopode Brigand on Mar 19, 2023.
             Killed from afar by an orc wizard (10 damage)
             ... with a puff of flame
             ... on level 3 of the Dungeon.
             The game lasted 00:06:53 (1666 turns).

Darius099 the Sneak (Octopode Brigand)              Turns: 1666, Time: 00:06:54

Health: 0/31       AC:  1    Str: 10    XL:     4   Next: 22%
Magic:  4/4        EV: 12    Int: 25    God:
Gold:   94         SH:  0    Dex: 15    Spells: 3/3 levels left

rFire   . . .      SeeInvis .   j - +6 quick blade
rCold   . . .      Faith    .   (no shield)
rNeg    . . .      Spirit   .   (helmet restricted)
rPois   .          Reflect  .   (no amulet)
rElec   .          Harm     .   h - +6 ring of intelligence
rCorr   .          Rampage  .   i - +6 ring of intelligence
Will    .....                   (no ring)
Stlth   ++++......              (no ring)
HPRegen 0.10/turn               (no ring)
MPRegen 0.09/turn               (no ring)
                                (no ring)
                                (no ring)

@: no status effects
A: almost no armour, amphibious, 8 rings, camouflage 1, gelatinous body 1,
(nimble swimmer 1), tentacles
a: no special abilities


You were on level 3 of the Dungeon.
You visited 1 branch of the dungeon, and saw 3 of its levels.

You collected 94 gold pieces.

Inventory:

Hand Weapons
 j - a +6 quick blade (weapon)
Missiles
 b - 11 poisoned darts (quivered)
 c - 3 curare-tipped darts
Jewellery
 h - a +6 ring of intelligence (left tentacle)
 i - a +6 ring of intelligence (right tentacle)
Wands
 k - a wand of roots (4)
Scrolls
 a - a scroll of enchant weapon {unknown}
 d - 2 scrolls of acquirement
 g - a scroll of teleportation {unknown}
 l - a scroll of noise {unknown}
 m - a scroll of identify {unknown}
Potions
 e - a potion of might {unknown}
 f - 2 potions of flight {unknown}


   Skills:
 + Level 3.0 Fighting
 + Level 3.0 Short Blades
 - Level 2.0 Throwing
 - Level 1.0 Dodging
 + Level 6.2 Stealth


You had 3 spell levels left.
You didn't know any spells.
Your spell library contained the following spells:

 Spells                   Type           Power      Damage    Failure   Level
 Chain Lightning          Conj/Air       0%         N/A       100%        9
 Fire Storm               Conj/Fire      0%         5d1       100%        9
 Shatter                  Erth           0%         3d5*      100%        9


Dungeon Overview and Level Annotations

Branches:
Dungeon (3/15)

Altars:

Shops:
D:3 [


Innate Abilities, Weirdness & Mutations

You cannot wear most types of armour.
You are amphibious.
You can wear up to eight rings at the same time.
Your skin changes colour to match your surroundings (Stealth+).
Your rubbery body absorbs attacks. (AC +1, EV +1)
((You are camouflaged when in or above water. (Stealth+)))
You have tentacles for arms and can constrict up to eight enemies at once.


Message History

Deactivating autopickup; reactivate with Ctrl-A.
The orc attacks as you move away! The orc closely misses you.
You hit the orc. You grab the orc. You squeeze the orc.
You kill the orc!
You hit the orc. Your grab misses the orc.
The orc is moderately wounded.
The orc hits you with a +0 trident!
You barely miss the orc. You grab the orc.
The orc is moderately wounded.
You constrict the orc. You puncture the orc!
You kill the orc!
You hit the orc. You grab the orc.
The orc is almost dead.
You constrict the orc, but do no damage.
The orc struggles to escape constriction.
You hit the orc.
You kill the orc!
Your Fighting skill increases to level 3!
Your Short Blades skill increases to level 3!
You hear some strange, mumbled words.
You are confused.
An orc wizard comes into view. It is wielding a +0 dagger.
Items here: ))) [ †.
You hit the orc wizard.
The orc wizard is lightly wounded.
The orc wizard hits you with a +0 dagger.
Something hits you.
You bump into the rock wall.
The orc wizard hits you with a +0 dagger.
Something hits you. Something hits you.
You bump into the rock wall.
An orc wizard appears from thin air!
Reactivating autopickup.
You're too confused to move!
The orc wizard hits you with a +0 dagger.
You feel less confused.
The orc wizard points at you and mumbles some strange words.
The puff of flame hits you!
You die...

###
################.#
................o#
####..##########)###
##.# #...o..# .o.
#.#.@#.# .#... #
#..#.# #..#.#.
#..#.# # . ∩...
#..#.# . .#...
...#.# ..#######.#
.........>#
#########.#
.........#


You could see 2 orc wizards.

Vanquished Creatures
  Jessica (D:2)
  An adder (D:2)
  3 orcs (D:3)
  2 ball pythons (D:1)
  2 bats
  4 endoplasms (D:1)
  2 goblins (D:1)
  4 hobgoblins
  3 kobolds
  3 quokkas (D:1)
  2 frilled lizards
  3 rats
30 creatures vanquished.

Vanquished Creatures (others)
  A plant (D:3)
1 creature vanquished.

Grand Total: 31 creatures vanquished

Notes
Turn   | Place    | Note
-------+----------+-------------------------------------------
     0 | D:1      | Darius099 the Octopode Brigand began the quest for the Orb.
     0 | D:1      | Reached XP level 1. HP: 14/14 MP: 1/1
   226 | D:1      | Reached XP level 2. HP: 13/19 MP: 2/2
   378 | D:1      | Found a faded altar of an unknown god.
  1165 | D:1      | Reached XP level 3. HP: 16/25 MP: 3/3
  1308 | D:2      | Identified 3 scrolls of acquirement
  1308 | D:2      | Acquired a +6 quick blade
  1412 | D:2      | Noticed Jessica
  1415 | D:2      | Killed Jessica
  1416 | D:2      | Reached skill level 6 in Stealth
  1416 | D:2      | Reached XP level 4. HP: 30/30 MP: 4/4
  1545 | D:2      | You fall into a shaft and drop 1 floor!
  1633 | D:3      | Found Ymmy Ciutu's Antique Armour Shoppe.
  1666 | D:3      | Killed from afar by an orc wizard

Illustrated notes

Levels and vault maps discovered:
D:1:      minmay_arrival_hallway, layout_loops_corners, basic_ecumenical_altar,
          minmay_unequal
D:2:      layout_loops_ring, uniq_jessica
D:3:      layout_basic, serial_shops, nicolae_shop_advertising_works
          [nicolae_subvault_shop_adworks], minmay_shallow_snake_nest,
          uniq_natasha

Skill      XL: |  1  2  3  4 |
---------------+-------------+-----
Stealth        | 6 |  6.2
Fighting       | 3 |  3.0
Short Blades   | 3 |  3.0
Throwing       | |  2.0
Dodging        | |  1.0

Action                   |  1- 3 |  4- 6 || total
-------------------------+-------+-------++-------
Melee: Dagger            |    35 |       ||    35
       Constrict         |     6 |     4 ||    10
       Tentacles         |     3 |     2 ||     5
       Quick blade       |     5 |    14 ||    19
  Use: Scroll            |     1 |       ||     1
 Stab: Sleeping          |     9 |     2 ||    11
Armor: Skin              |     2 |     4 ||     6
Dodge: Dodged            |    13 |     4 ||    17
